 Dungeon Crawl Stone Soup version 0.22.0-27-ga576289601 (webtiles) character file.

667 Morbidden the Changer (level 7, -2/53 HPs)
             Began as a White Draconian Transmuter on Aug 23, 2018.
             Was a Believer of Cheibriados.
             Slain by a wight
             ... wielding a +0 hand axe
              (7 damage)
             ... on level 4 of the Dungeon.
             The game lasted 00:14:08 (4858 turns).

Morbidden the Changer (White Draconian Transmuter)  Turns: 4858, Time: 00:14:09

Health: -2/53      AC:  6    Str: 19    XL:     7   Next: 31%
Magic:  2/10       EV: 12    Int: 17    God:    Cheibriados [**....]
Gold:   179        SH:  0    Dex: 15    Spells: 7/10 levels left

rFire    . . .     SeeInvis .     - Unarmed
rCold    + . .     Gourm    .   (no shield)
rNeg     . . .     Faith    .   (armour unavailable)
rPois    .         Spirit   .   (helmet restricted)
rElec    .         Reflect  .   n - scarf {repulsion}
rCorr    .         Harm     .   (no gloves)
MR       .....     Rnd*Rage +   (no boots)
Stlth    +.........             (no amulet)
HPRegen  0.17/turn              (no ring)
MPRegen  0.12/turn              (no ring)

@: short of breath, heavily drained, repel missiles, very slow
A: breathe frost, unfitting armour, berserk 1, cold resistance 1, mutation
resistance 1, cold-blooded, MP-powered wands, AC +6
a: Breathe Frost, Bend Time, Renounce Religion


You were on level 4 of the Dungeon.
You worshipped Cheibriados.
Cheibriados was pleased with you.
You were hungry.

You visited 1 branch of the dungeon, and saw 5 of its levels.

You collected 179 gold pieces.

Inventory:

Missiles
 a - 50 arrows
 d - 2 silver tomahawks (quivered)
Armour
 n - a scarf of repulsion (worn)
Wands
 f - a wand of disintegration (10)
 o - a wand of enslavement (19)
Scrolls
 b - a scroll of magic mapping {unknown}
 e - 2 scrolls of identify {unknown}
 g - a scroll of teleportation {unknown}
 i - a scroll of enchant armour {unknown}
 j - 2 scrolls of remove curse {unknown}
 l - a scroll of amnesia {unknown}
Potions
 h - a potion of degeneration {unknown}
 k - a potion of cancellation {unknown}
 m - a potion of magic {unknown}
Comestibles
 c - 9 rations


   Skills:
 + Level 1.8(0.5) Fighting
 + Level 2.8(1.4) Dodging
 + Level 5.0(3.6) Unarmed Combat
 - Level 2.0(0.7) Spellcasting
 * Level 6.5(5.0) Transmutations


You had 7 spell levels left.
You knew the following spells:

 Your Spells              Type           Power        Failure   Level  Hunger
a - Beastly Appendage     Tmut           ###...       2%          1    ##.....
b - Sticks to Snakes      Tmut           ###.....     4%          2    ###....

Your spell library contained the following spells:

 Spells                   Type           Power        Failure   Level  Hunger
 Magic Dart               Conj           #...         22%         1    ##.....
 Spider Form              Tmut/Pois      #.........   24%         3    ####...
 Blink                    Tloc           N/A          32%         2    ###....
 Call Imp                 Summ           #.......     32%         2    ###....
 Slow                     Hex            #.......     32%         2    ###....
 Conjure Flame            Conj/Fire      #.......     54%         3    ####...
 Mephitic Cloud           Conj/Pois/Air  #.......     54%         3    ####...
 Ice Form                 Ice/Tmut       #.......     61%         4    #####..
 Blade Hands              Tmut           ###.......   61%         5    ######.


Dungeon Overview and Level Annotations

Branches:
Dungeon (5/15)
 Temple: D:4-7

Altars:
Ashenzari
Cheibriados
Elyvilon
Kikubaaqudgha
Makhleb
Uskayaw


Innate Abilities, Weirdness & Mutations

You can breathe waves of freezing cold.
You can buffet flying creatures when you breathe cold.
Your icy white scales are hard. (AC +6)
You cannot fit into any form of body armour.
Your flesh is cold resistant. (rC+)
You are cold-blooded and may be slowed by cold attacks.
You tend to lose your temper in combat.
You are somewhat resistant to further mutation.
You expend magic power (3 MP) to strengthen your wands.


Message History

Unknown command.
Unknown command.
You completely miss the wight.
The wight is almost destroyed.
The wight hits you with a hand axe!
* * * LOW HITPOINT WARNING * * *
You feel drained.
* * * LOW HITPOINT WARNING * * *
Unknown command.
You barely miss the wight.
The wight is severely damaged.
The wight closely misses you.
You hit the wight but do no damage.
The wight is severely damaged.
The wight hits you but does no damage.
Unknown command.
You hit the wight.
The wight is almost destroyed.
The wight hits you with a hand axe!
You die...

#.....# #......### #.....#
#......... #.....# #.###.....
##############.....#####.###.....
#........................###...<.
..#############...........#......
### #...........#......
###############..........._......
...O...........z@.<.......#......
##########................#..####
......####...............###.####
#####....###..#..........###..##.
####.###.............###..#..
########..##.##.###...#..........
......................#####.##..#
..#...........#..##..........)..)
....##.................##.......#


You could see a wight.

Vanquished Creatures
  A scorpion (D:4)
  2 orc priests
  2 orc wizards (D:3)
  A hound zombie (D:3)
  2 adders
  3 worms (D:2)
  4 dart slugs
  4 leopard geckos
  20 orcs
  A ball python (D:2)
  8 bats
  6 giant cockroaches
  8 goblins
  2 hobgoblins
  5 jackals (D:4)
  3 quokkas
  5 frilled lizards
  8 kobolds
  9 rats
94 creatures vanquished.

Vanquished Creatures (collateral kills)
  Grinder (D:4)
  A phantom (D:4)
  An ogre (D:4)
  Jessica (D:3)
  A worker ant (D:4)
  An adder (D:4)
  3 orcs (D:3)
9 creatures vanquished.

Vanquished Creatures (others)
  A kobold (D:2)
1 creature vanquished.

Grand Total: 104 creatures vanquished

Notes
Turn   | Place    | Note
-------+----------+-------------------------------------------
     0 | D:1      | Morbidden the Draconian Transmuter began the quest for the Orb.
     0 | D:1      | Reached XP level 1. HP: 16/16 MP: 3/3
   130 | D:1      | Reached XP level 2. HP: 14/23 MP: 5/5
   211 | D:1      | Reached skill level 3 in Transmutations
   539 | D:1      | Reached XP level 3. HP: 27/28 MP: 4/6
   721 | D:2      | Found a faded altar of an unknown god.
   767 | D:2      | Reached skill level 4 in Transmutations
   771 | D:2      | Learned a level 2 spell: Sticks to Snakes
  1337 | D:2      | Reached XP level 4. HP: 34/35 MP: 5/7
  1960 | D:3      | Found a snail-covered altar of Cheibriados.
  1976 | D:3      | Became a worshipper of Cheibriados the Contemplative
  2170 | D:3      | Found a burning altar of Makhleb.
  2206 | D:3      | Reached XP level 5. HP: 38/40 MP: 8/8
  2288 | D:3      | Reached skill level 5 in Transmutations
  2509 | D:3      | Noticed Jessica
  2528 | D:3      | Killed Jessica
  3068 | D:3      | Reached * piety under Cheibriados
  3286 | D:4      | Found a shattered altar of Ashenzari.
  3369 | D:4      | Noticed an ogre
  3382 | D:4      | Reached XP level 6. HP: 24/47 MP: 2/9
  4051 | D:4      | Gained mutation: You tend to lose your temper in combat. [potion of mutation]
  4051 | D:4      | Gained mutation: Your flesh is cold resistant. (rC+) [potion of mutation]
  4051 | D:4      | Gained mutation: You expend magic power (3 MP) to strengthen your wands. [potion of mutation]
  4051 | D:4      | Gained mutation: You are somewhat resistant to further mutation. [potion of mutation]
  4094 | D:4      | Reached skill level 6 in Transmutations
  4283 | D:4      | Found a white marble altar of Elyvilon.
  4370 | D:4      | Found a hide-covered altar of Uskayaw.
  4370 | D:4      | Found an ancient bone altar of Kikubaaqudgha.
  4392 | D:4      | Noticed Grinder
  4403 | D:4      | Killed Grinder
  4403 | D:4      | Your scales start taking on an icy white colour.
  4403 | D:4      | Reached XP level 7. HP: 38/53 MP: 8/10
  4403 | D:4      | Mutation became permanent: Your flesh is cold resistant. (rC+) [White Draconian growth]
  4403 | D:4      | Gained mutation: Your flesh is cold resistant. (rC+) [White Draconian growth]
  4506 | D:4      | Reached ** piety under Cheibriados
  4506 | D:4      | Reached skill level 5 in Unarmed Combat
  4802 | D:5      | Entered Level 5 of the Dungeon
  4858 | D:4      | Slain by a wight

Skill      XL: |  1  2  3  4  5  6  7 |
---------------+----------------------+-----
Transmutations | 3 4 5 6 |  6.5
Dodging        | 2 |  2.8
Unarmed Combat | 4 5 |  5.0
Fighting       | |  1.8
Spellcasting   | |  2.0

Action                   |  1- 3 |  4- 6 |  7- 9 || total
-------------------------+-------+-------+-------++-------
Melee: Unarmed           |   154 |   279 |    37 ||   470
       Tailslap          |    13 |    31 |     5 ||    49
       Kick              |     7 |    19 |     1 ||    27
       Punch             |     2 |     3 |       ||     5
       Headbutt          |     5 |     1 |     3 ||     9
Throw: Tomahawk          |       |     2 |       ||     2
 Cast: Beastly Appendage |    18 |    11 |     2 ||    31
       Sticks to Snakes  |       |    18 |     8 ||    26
 Abil: Breathe Frost     |       |       |     5 ||     5
  Use: Potion            |     2 |     4 |       ||     6
 Stab: Sleeping          |     1 |     1 |       ||     2
       Distracted        |       |     1 |       ||     1
  Eat: Chunk             |     2 |     9 |     2 ||    13
Armor: Skin              |    46 |    86 |     4 ||   136
Dodge: Dodged            |   110 |   143 |    21 ||   274
       Deflected         |       |     1 |       ||     1
